[Event "Skagerrak Kragero 2022"]
[Site "Kragero"]
[Date "2022.06.03"]
[Round "3.4"]
[White "Gaboyan, Susanna"]
[Black "Verbin, Valentina"]
[Result "1/2-1/2"]
[ECO "A07"]
[WhiteElo "2247"]
[BlackElo "2067"]
[Annotator "TA"]
[PlyCount "74"]
[EventDate "2022.06.02"]
[EventType "tourn"]
[EventCountry "NOR"]
[SourceTitle "playchess.com"]
[Source "ChessBase"]
[SourceQuality "1"]
[TimeControl "5400+30"]

1. Nf3 d5 2. g3 g6 3. Bg2 Bg7 4. O-O e5 5. d3 Ne7 6. e4 O-O 7. Nbd2 Nbc6 8. exd5 Nxd5 9. Nc4 {[%emt 1:25:38] A07: Réti Opening: New York and Capablanca Systems.} Nb6 {[%emt 0:07:19] [#]} 10. Ne3 $146 ({Predecessor:} 10. Nxb6 axb6 11. Re1 Be6 12. a3 Qd7 13. Ng5 Bg4 14. f3 Bf5 15. Be3 h6 16. Ne4 Be6 17. Bxh6 {½-½ (29) Hausrath,D (2499)-Lampert,J (2469) Germany 2015}) 10... Be6 11. Re1 {[%emt 0:20:28] Black is slightly better.} h6 12. h3 (12. a4) 12... Qd7 13. Kh2 (13. Ng4) 13... Rad8 14. Bd2 e4 (14... f5 $17 {Hoping for ...e4.} 15. Nh4 Kh7) 15. dxe4 $11 Bxb2 {[%emt 1:01:53] next ...Ne5 is good for Black.} 16. Rb1 Bg7 17. c4 Nxc4 18. Nxc4 Bxc4 19. Qc1 $1 b5 20. Bxh6 Nd4 21. Bg5 Bxa2 22. Rb2 {[#]} (22. Nxd4 $1 $11 Qxd4 23. Bxd8 Rxd8 24. Rxb5 Qxf2 25. Qe3 (25. Rf1 Qe2 $11) 25... Qxe3 26. Rxe3) 22... Nxf3+ (22... Bc4 $1 $15 23. Rd2 {[#]} c5 $1) 23. Bxf3 Bxb2 24. Qxb2 {Threatens to win with Rd1.} Qe6 $1 {Strongly threatening ...Qb3.} 25. Bh6 {[%csl Gh6][%cal Rb2g7] This bishop pair is nice.} f6 26. Bxf8 Kxf8 27. Qxb5 ({Better is} 27. Bg4 $1 $14 Qf7 28. Qxb5) 27... Qb6 $1 {The position is equal.} 28. Qe2 Bc4 29. Qc2 Bb3 30. Qb2 Bc4 31. Rb1 Rd3 {Against Qa3+} 32. Qb4+ Qxb4 33. Rxb4 {Be2 is the strong threat.} Rxf3 (33... Bb3 $5 34. Be2 Rc3 $15) 34. Rxc4 Rxf2+ 35. Kg1 Ra2 36. Rxc7 Ra4 37. Kf2 Rxe4 {[%emt 1:47:33] Weighted Error Value: White=0.13 (very precise) /Black=0.16 (very precise)} 1/2-1/2

[Event "Skagerrak Kragero 2022"]
[Site "Kragero"]
[Date "2022.06.03"]
[Round "3.5"]
[White "Hryzlova, Sofiia"]
[Black "Skaslien, Ingrid"]
[Result "1-0"]
[ECO "E51"]
[WhiteElo "2157"]
[BlackElo "1884"]
[Annotator "TA"]
[PlyCount "93"]
[EventDate "2022.06.02"]
[EventType "tourn"]
[EventCountry "NOR"]
[SourceTitle "playchess.com"]
[Source "ChessBase"]
[SourceQuality "1"]
[TimeControl "5400+30"]

1. d4 Nf6 2. c4 e6 3. Nc3 Bb4 4. e3 O-O 5. Bd2 d5 6. Nf3 a6 {E51: Nimzo-Indian: Rubinstein: 4...0-0 5 Nf3 d5.} 7. Rc1 {is the new trend.} Nbd7 8. cxd5 exd5 {The position is equal.} 9. Bd3 Bd6 10. Qb3 c6 11. O-O Re8 12. Qc2 (12. e4 {with more complications.} Nxe4 13. Nxe4 dxe4 14. Ng5) 12... Qe7 {[#]} 13. Ne1 $146 ({Predecessor:} 13. e4 dxe4 14. Nxe4 Nxe4 15. Bxe4 Nf6 16. Bd3 h6 17. Rfe1 Be6 18. h3 {0-1 (31) Kozak,L (2244)-Sidorika,V (2331) Mykolaiv 2021}) 13... Ne4 14. Nxe4 dxe4 15. Be2 Qh4 {[%csl Gd6][%cal Rh4h2] [#]} 16. f4 Nf6 17. b4 (17. Qd1 $142) 17... Nd5 18. a3 Bf5 19. Qd1 Re6 {[#] aiming for ...Rh6.} 20. g3 Qh3 21. Rf2 Nf6 22. Bf1 Qh6 23. Be2 Qh3 24. Bf1 Qh6 25. h3 (25. Be2 $1 $11) 25... Qg6 {[%cal Of5h3] Hoping for ...Bxh3!} ({Don't play} 25... Bxh3 26. Rh2 Bg4 27. Rxh6 $16) 26. g4 {Rg2 is the strong threat.} h5 27. g5 Nd5 28. Ng2 f6 (28... Qh7 $11 {keeps the balance.}) 29. Nh4 $16 Qh7 30. g6 (30. Nxf5 $16 Qxf5 31. Qxh5) 30... Bxg6 $11 {White must now prevent ...Bf7.} 31. f5 $36 {[%mdl 2048] White is more active.} Bg3 $2 {[%mdl 8192] A mistake that costs the game.} 32. Nxg6 $18 ({Not} 32. fxe6 Bxh4 33. Re2 (33. Rg2 Bf5 $17) 33... Bf5 $17) 32... Bxf2+ 33. Kxf2 Ree8 34. Bc4 Rad8 35. h4 Rd7 36. Qe2 Qh6 37. Nf4 Kh7 $2 (37... Qh7 38. Qxh5 Qxh5 39. Nxh5 Kh7) 38. Bxd5 Rxd5 39. Nxd5 cxd5 40. Rg1 {Threatens to win with Rg6.} g5 (40... Kh8 $142 41. Rg6 Qh7) 41. fxg6+ Kg7 42. b5 Re6 43. Bb4 {Qc2 would kill now.} f5 44. Qc2 {White mates.} Rxg6 45. Qc7+ Kh8 46. Qc8+ Kh7 47. Qxf5 {[%emt 1:29:35] Weighted Error Value: White=0.21 (precise) /Black=0.65} 1-0

[Event "Skagerrak Kragero 2022"]
[Site "Kragero"]
[Date "2022.06.03"]
[Round "4.1"]
[White "Rakhmangulova, Anastasiya"]
[Black "Skaslien, Ingrid"]
[Result "1-0"]
[ECO "C07"]
[WhiteElo "2245"]
[BlackElo "1884"]
[Annotator "TA"]
[PlyCount "73"]
[EventDate "2022.06.02"]
[EventType "tourn"]
[EventCountry "NOR"]
[SourceTitle "playchess.com"]
[Source "ChessBase"]
[SourceQuality "1"]
[TimeControl "5400+30"]

1. e4 e6 2. d4 d5 3. Nd2 a6 4. Ngf3 c5 5. c3 Nc6 6. Bd3 {C07: French Tarrasch: 3...c5, 4 Ngf3 and 4 exd5 Qxd5.} Nf6 7. O-O Be7 8. exd5 ({Better is} 8. dxc5 $16 Bxc5 9. e5) 8... exd5 9. dxc5 Bxc5 {[#]} 10. Re1+ $146 ({Predecessor:} 10. Nb3 Be7 11. Nfd4 O-O 12. Nf5 Bxf5 13. Bxf5 a5 14. Nd4 Qb6 15. Qb3 Bc5 16. Qxb6 Bxb6 {½-½ (32) Verbytskiy,P (1722)-Kijac,M (2113) Topolcany 2020}) 10... Be6 11. Nb3 Bb6 12. Be3 O-O 13. h3 {Prevents Bg4.} h6 14. Qd2 Nd7 {[#] Loses the game.} (14... Re8 $14) 15. Bxh6 $1 $18 Re8 16. Bg5 Qc8 17. Be3 Bc7 (17... Bxe3 $16 {was necessary.} 18. Qxe3 Qd8) 18. Bf4 b6 19. Nbd4 Nc5 $2 (19... Nxd4 {might work better.} 20. Nxd4 Nf6) 20. Bc2 {And now Bh6 would win.} Nxd4 21. Nxd4 ({Don't take} 21. cxd4 Ne4 22. Bxe4 Bxf4 23. Qxf4 dxe4) 21... Bxf4 22. Qxf4 {Black must now prevent Qh4.} Qb7 $2 (22... Bd7 {was worth a try.} 23. Rxe8+ Qxe8) 23. Qh4 g6 24. Nf3 {Threatens to win with Ng5.} Ne4 (24... f5 $142 25. Ng5 Qg7) 25. Bxe4 dxe4 26. Ng5 f5 27. Rad1 Qe7 {Prevents Rd6.} 28. Rd4 {Red1 is the strong threat.} Bxa2 (28... Rad8 $142 29. Qh6 Qf6 30. Rxd8 Rxd8) 29. Red1 {[%cal Be1d1,Bd1d6,Bd6f6][%mdl 32] Strongly threatening Rd7.} Ra7 {Against Rd7} 30. Rd6 Qg7 31. Rxb6 {aiming for Rdd6.} e3 (31... Rb7 $142) 32. fxe3 {Rdd6 would kill now.} Bf7 33. Rdd6 Rxe3 34. Nxf7 {White mates.} Kxf7 35. Rf6+ Ke8 36. Rb8+ Kd7 37. Qd4+ {[%emt 1:10:56] Weighted Error Value: White=0.24 (precise) /Black=0.59} 1-0

[Event "Skagerrak Kragero 2022"]
[Site "Kragero"]
[Date "2022.06.03"]
[Round "4.2"]
[White "Verbin, Valentina"]
[Black "Hryzlova, Sofiia"]
[Result "0-1"]
[ECO "E04"]
[WhiteElo "2067"]
[BlackElo "2157"]
[Annotator "TA"]
[PlyCount "104"]
[EventDate "2022.06.02"]
[EventType "tourn"]
[EventCountry "NOR"]
[SourceTitle "playchess.com"]
[Source "ChessBase"]
[SourceQuality "1"]
[TimeControl "5400+30"]

1. d4 Nf6 2. c4 e6 3. Nf3 d5 4. g3 dxc4 5. Bg2 a6 6. Ne5 c5 7. dxc5 {Black must now prevent Qxd8+. E04: Open Catalan: 5 Nf3.} Qa5+ (7... Qxd1+ $11 8. Kxd1 Bxc5) 8. Nc3 ({White should try} 8. Nd2 $14) 8... Qxc5 $11 9. Qa4+ {The position is equal.} Nbd7 10. Nxc4 {Hoping for Be3.} b5 {[#]} 11. Nxb5 $146 (11. Be3 $1 $11 {keeps the balance.} Qc7 12. Nxb5 axb5 13. Qxa8 bxc4 14. O-O) ({Predecessor:} 11. Qd1 Rb8 12. Na5 Qc7 13. Nb3 Bb7 14. f3 Be7 15. Bf4 e5 16. Be3 Nb6 17. Nd2 {0-1 (34) Kovalyov,A (2622)-Molner,M (2509) ICC INT 2014}) 11... Qxb5 $17 ({Don't play} 11... axb5 12. Qxa8 bxc4 13. Bc6 $11) 12. Qxb5 axb5 13. Bxa8 bxc4 14. Bc6 Ba6 15. Bd2 Bd6 16. b4 {[#]} Ke7 $1 {And now ...Ne5 would win.} 17. b5 Ne5 18. bxa6 Nxc6 19. Rc1 Ra8 {Black is more active.} 20. Rxc4 Rxa6 21. a4 Ne5 22. Rh4 Neg4 (22... Rb6 $17 {Threatens to win with ...Rb1+.} 23. O-O Rb2) 23. a5 $11 Bc5 24. O-O h5 {White should prevent ...Ne4.} 25. h3 Ne5 26. Rc1 Bd6 27. Ra4 Nfd7 28. f4 Bc5+ 29. Kg2 Nc6 30. e4 f6 31. Be1 e5 32. Rac4 Kd6 33. Rd1+ Bd4 34. Kf3 Nc5 (34... Nxa5 $2 35. Ra4 $18) 35. Bf2 $2 {This costs White the game.} (35. Rc2 $17 {keeps fighting.}) 35... Rxa5 $19 {Really sharp!} 36. g4 $2 (36. Bxd4 Nxd4+ 37. Rdxd4+ exd4 38. Rxd4+ Kc6 39. e5) 36... Ra3+ 37. Kg2 Ra2 38. Kg1 hxg4 39. hxg4 (39. fxe5+ $142 fxe5 40. Bxd4 Nxd4 41. Rcxd4+ exd4 42. Rxd4+ Ke6 43. hxg4) 39... Rxf2 40. Rcxd4+ exd4 41. Kxf2 Nxe4+ 42. Kf3 Kd5 {Strongly threatening ...g5.} 43. Rh1 g5 {( -> ...d3)} 44. Rh7 gxf4 {Black mates.} 45. Kxf4 Ne5 46. Ra7 d3 47. Ra5+ Kd4 48. Ra8 Nc4 49. Kf3 d2 50. Rd8+ Ncd6 51. Ke2 Kc3 52. Rd7 Kc2 {[%emt 1:37:13] Weighted Error Value: White=0.73/Black=0.23 (precise)} 0-1

[Event "Skagerrak Kragero 2022"]
[Site "Kragero"]
[Date "2022.06.03"]
[Round "4.3"]
[White "Doluhanova, Evgeniya"]
[Black "Gaboyan, Susanna"]
[Result "1/2-1/2"]
[ECO "A48"]
[WhiteElo "2270"]
[BlackElo "2247"]
[Annotator "TA"]
[PlyCount "129"]
[EventDate "2022.06.02"]
[EventType "tourn"]
[EventCountry "NOR"]
[SourceTitle "playchess.com"]
[Source "ChessBase"]
[SourceQuality "1"]
[TimeControl "5400+30"]

1. d4 Nf6 2. Nf3 g6 3. Nbd2 d5 4. b4 Bg7 5. Bb2 O-O 6. e3 c6 7. c4 a5 8. b5 {A48: 1 d4 Nf6 2 Nf3 g6: Torre, London and Colle Systems.} Nbd7 9. Be2 c5 10. O-O {White is slightly better.} Re8 11. dxc5 Nxc5 {[#]} 12. cxd5 $146 ({Predecessor:} 12. Rc1 Bf5 13. Nb3 Na4 14. Be5 dxc4 15. Rxc4 Nb6 16. Rd4 Qc8 17. Qa1 a4 18. Nbd2 {1-0 (25) Tu,H (2483)-Russell,M (2220) Cebu 2007}) 12... Qxd5 13. Nc4 (13. Bd4 $14) 13... Be6 (13... Qxd1 $1 $11 {remains equal.} 14. Rfxd1 (14. Raxd1 Na4 $11) 14... Na4) 14. Rc1 (14. Nd4 $16) 14... Qxd1 $1 $11 15. Rfxd1 {[#] Hoping for Nb6.} Na4 {Against Nb6. aiming for ...Bxc4.} 16. Bd4 Ne4 17. Bxg7 Kxg7 18. Nd4 Nac3 ({Black should play} 18... Bxc4 $17 19. Bxc4 Nac3) 19. Nxe6+ (19. Nb6 $5 Rad8 20. Nxe6+ fxe6 21. Rxd8 Rxd8 22. Bf3 $11) 19... fxe6 20. Re1 Nxa2 {Pair of Knights!} 21. Ra1 Nac3 22. Bf3 a4 23. h3 Rf8 24. Nb6 Ra5 {Threatens to win with ...Nd6.} 25. Bxe4 Rxb5 ({Black should try} 25... Nxe4 $15 26. Rxa4 Rxa4 27. Nxa4 Ra8) 26. Nd7 Rd8 {[#]} 27. Bxb7 Rxb7 28. Nc5 Rb6 29. Ra3 Nd1 30. Rxa4 Rc6 31. Nb3 (31. Rd4 $14 {is more appropriate.} Rdc8 32. Nxe6+ (32. Rexd1 Rxc5 33. Kh2 h5 $14) 32... Rxe6 33. Rexd1) 31... e5 32. Ra5 Kf6 33. Nc5 Nc3 {Inhibits Ne4+.} 34. Kh2 {Rc1 is the strong threat.} Kf7 35. Nb3 Rb8 36. Nc1 e4 {Inhibits Nd3.} 37. Ne2 Rb2 38. Nxc3 Rxc3 {[%mdl 4096] Endgame KRR-KRR} 39. Kg3 Rcc2 40. Rf1 Kf6 41. Ra8 Rb5 {The position is equal.} 42. h4 Rf5 43. Ra6+ Ke5 44. Rfa1 {White threatens R1a5+ and mate.} e6 45. R1a5+ Kf6 46. Rxf5+ gxf5 {KR-KR} 47. Ra7 Kg6 48. Re7 Rc6 49. Kf4 h6 50. Kg3 Kf6 51. Rh7 Kg6 52. Ra7 Rc2 53. Re7 Kf6 54. Re8 Kf7 55. Ra8 Kg6 56. Ra6 Kf6 57. Ra7 Kg6 58. h5+ Kxh5 59. Ra6 Kg5 60. Rxe6 h5 {White must now prevent ...h4+.} 61. f4+ exf3 62. Kxf3 Rc4 63. Re8 h4 64. Rg8+ Kf6 65. Rf8+ {[%emt 2:02:42] Weighted Error Value: White=0.12 (very precise) /Black=0.10 (very precise)} 1/2-1/2

[Event "Skagerrak Kragero 2022"]
[Site "Kragero"]
[Date "2022.06.03"]
[Round "4.4"]
[White "Sagafos, Magne"]
[Black "Tarleva, Diana"]
[Result "1/2-1/2"]
[ECO "B07"]
[WhiteElo "2361"]
[BlackElo "2160"]
[Annotator "TA"]
[PlyCount "60"]
[EventDate "2022.06.02"]
[EventType "tourn"]
[EventCountry "NOR"]
[SourceTitle "playchess.com"]
[Source "ChessBase"]
[SourceQuality "1"]
[TimeControl "5400+30"]

1. Nf3 d6 2. e4 Nf6 3. Nc3 c6 4. a4 e5 {[#]} 5. g3 $146 ({Predecessor:} 5. d4 Qc7 6. h3 Be7 7. dxe5 dxe5 8. Bd3 h6 9. O-O Be6 10. Qe2 Nbd7 11. Bc4 {1-0 (90) Kristovic,M (2281)-Sokac,M (2062) Osijek 2014}) 5... Bg4 6. h3 {B07: Pirc Defence: Miscellaneous Systems.} Bh5 7. Qe2 Nbd7 8. Bg2 {White is slightly better.} Qc7 9. g4 Bg6 10. h4 h5 (10... Nxg4 $2 11. h5 $18) (10... h6 $11 {remains equal.}) 11. g5 $36 {[%mdl 2048] Keeping Black busy.} Nh7 12. d4 Be7 13. Be3 f6 (13... Nhf8 $16) 14. Bh3 $18 Bf7 15. Rg1 {Hoping for g6.} Nhf8 (15... fxg5 $16 {was necessary.} 16. hxg5 Nhf8) 16. O-O-O Qa5 17. d5 (17. gxf6 $18 Bxf6 18. d5) 17... Nb6 $16 18. Bxb6 {0x0.00222cac29cbdp-1022s more active pieces. The black rooks are badly placed.} axb6 19. Nd2 (19. Bf5 $16) 19... Ng6 20. Qe3 (20. gxf6 $14 Nf4 21. Qe3 Bxf6 22. Nc4) 20... Qb4 21. Bf1 (21. gxf6 $11 Bxf6 22. Nf3) 21... Nxh4 (21... fxg5 $15 22. hxg5 h4) 22. gxf6 $1 $11 Bxf6 23. Nc4 b5 $2 {[%mdl 8192] [#]} (23... Rd8 $11 {and Black stays safe.}) 24. axb5 $2 (24. Nxd6+ $1 $18 Kf8 25. Nxf7 (25. Nxb7 cxd5 26. exd5 bxa4 $14) 25... Kxf7 26. Qb6 (26. Qh3 Rhd8 $16)) 24... cxb5 (24... Nf5 $5 25. exf5 cxd5 $15) 25. Na3 (25. Nb6 $15 Ra1+ 26. Kd2) 25... Rxa3 $17 26. bxa3 Qxa3+ 27. Kb1 {[#]} ({Don't blunder} 27. Kd2 $2 b4 28. Be2 (28. Bb5+ $2 Ke7 $19) 28... bxc3+) 27... Qb4+ ({Better is} 27... Nf3 $1 $17 {[%cal Oe8g8][%mdl 512] White must now prevent ...0-0!} 28. Rg2 (28. Qxf3 $2 Ke7 $19) 28... Qb4+ 29. Kc1 Nd4) 28. Kc1 $15 Qa3+ 29. Kb1 $1 ({But not} 29. Kd2 $2 b4 30. Bb5+ Ke7 $19) 29... Qb4+ 30. Kc1 Qa3+ {[%emt 1:42:06] White used his chance.  Weighted Error Value: White=0.40/Black=0.51} (30... O-O $17 31. Rg3 Rc8) 1/2-1/2

[Event "Skagerrak Kragero 2022"]
[Site "Kragero"]
[Date "2022.06.03"]
[Round "4.5"]
[White "Grave, Jacob Templen"]
[Black "Machlik, Monika"]
[Result "1-0"]
[ECO "E04"]
[WhiteElo "2227"]
[BlackElo "2134"]
[Annotator "TA"]
[PlyCount "187"]
[EventDate "2022.06.02"]
[EventType "tourn"]
[EventCountry "NOR"]
[SourceTitle "playchess.com"]
[Source "ChessBase"]
[SourceQuality "1"]
[TimeControl "5400+30"]

1. d4 Nf6 2. c4 e6 3. g3 Bb4+ 4. Nd2 d5 5. Bg2 O-O 6. Ngf3 Nc6 7. Qc2 dxc4 8. Qxc4 Qd5 {8...Bd6 is not played anymore.} 9. O-O {E04: Open Catalan: 5 Nf3.} Bxd2 10. Qxd5 exd5 11. Bxd2 {White is slightly better.} Bg4 12. e3 Ne4 {Strongly threatening ...Bxf3.} 13. Be1 Rfe8 {[#]} 14. Rc1 $146 ({Predecessor:} 14. h3 Bxf3 15. Bxf3 f5 16. Rc1 a5 17. Be2 Re7 18. Bd3 g6 19. Kg2 Kf7 20. a3 {1-0 (58) Sumets,A (2596)-Lacroix,B (2189) Charleroi 2015}) 14... Rac8 15. h3 Bf5 16. g4 Be6 17. Nd2 Nxd2 18. Bxd2 Ne7 19. Rc2 c6 20. Rfc1 a6 21. f3 Rcd8 22. Kf2 Nc8 23. Bf1 Nd6 24. b3 f5 25. Bd3 Rf8 26. Kg3 Bc8 (26... h5 $11) 27. Bb4 $14 Rf6 28. g5 Rf7 29. Bxd6 Rxd6 30. Kf4 Re6 31. b4 (31. Bxf5 $2 Rxf5+ $1 32. Kg3 Rxe3 $19) 31... Kf8 32. Bf1 ({Avoid the trap} 32. Bxf5 $2 Rxf5+ $1 33. Kg3 Rxe3 $19) 32... Bd7 33. a4 Re8 34. h4 Ra8 35. Ra1 Ke7 36. Rca2 Rff8 37. b5 axb5 38. axb5 Rxa2 39. Rxa2 {[%mdl 4096] Endgame KRB-KRB} Kd6 40. Rb2 Ra8 41. bxc6 bxc6 42. Bd3 g6 43. Rb7 Ra3 44. Bb1 Ra8 {Prevents Rb8.} 45. h5 Ke6 (45... Ra5 $11 {keeps the balance.}) 46. Rb2 Be8 47. Bc2 Rc8 48. Bd3 Ra8 49. Rb7 {White is more active.} Bd7 $1 50. Bf1 Ra1 51. Bh3 (51. Bg2 $5 ) 51... Rh1 52. Kg3 Re1 (52... Rg1+ $11 53. Bg2 gxh5) 53. Kf2 (53. Rb8 $1 $16 ) 53... Rh1 54. Kg2 Re1 55. Kf2 Rh1 56. Kg2 (56. hxg6 $5 hxg6 57. Bf1 $11) 56... Re1 57. Rb8 {aiming for h6.} Rxe3 58. Rh8 {Black must now prevent h6.} gxh5 59. Rxh7 Kd6 $2 (59... c5 $1 $11) 60. Rxh5 (60. Kg3 $18) 60... Re2+ $2 (60... c5 $16) 61. Kg3 $18 c5 62. Rh6+ Re6 63. dxc5+ (63. g6 $142 Rf6 64. g7 f4+ 65. Kf2 Rxh6 66. g8=Q $1 Rxh3 67. Qf8+ Kc6 68. Qxc5+ Kb7 69. Qxd5+ Kc8 70. Qc5+ Kb7 71. Qe7) 63... Kxc5 64. Kf4 (64. Rxe6 $142 Bxe6 65. Kf4) 64... d4 $2 (64... Re8 65. Bf1 d4) 65. Bxf5 (65. Rxe6 $142 Bxe6 66. Bf1 (66. Bxf5 Bxf5 67. Kxf5 d3 $11)) 65... Rxh6 66. gxh6 Bxf5 67. Kxf5 {White wants to mate with h7. KPP-KP} d3 68. h7 d2 69. h8=Q {White threatens Qd8 and mate.} d1=Q {Inhibits Qd8. KQ-KQ} 70. Qe5+ Kb6 $2 (70... Kc4 71. Qe4+ Kc5) 71. f4 Qh5+ 72. Ke6 Qe8+ 73. Kd5 $2 (73. Kf6 $1 $18 Qa8 74. Qd6+ Kb5 75. f5) 73... Qc6+ $2 (73... Qa8+ $1 $11 74. Ke6 Qg8+ 75. Ke7 Qh7+ 76. Kf6 Qh4+ 77. Ke6 Kc6) 74. Kd4 Qa4+ {[#]} 75. Ke3 $1 {Intending Qd4+ and mate.} Qb3+ {[#]} 76. Kf2 $2 (76. Ke4 $1 $18 {Threatening mate with Qb8+.} Qc2+ 77. Kf3) 76... Kc6 $11 77. Qd4 Qh3 78. Qe4+ Kd6 79. Qe5+ Kd7 80. f5 Qh4+ 81. Kf3 Qh3+ 82. Ke2 Qg2+ 83. Ke3 Qg1+ 84. Kf3 Qd1+ 85. Kf4 Qd2+ 86. Kg4 Qg2+ $2 (86... Qh6 $11 87. f6 Qg6+ 88. Kf4 Qh6+ 89. Kg4 Qg6+ 90. Kh4 (90. Kf4 Qh6+ 91. Kg4 $11) 90... Qh6+ 91. Kg4) 87. Kh5 $18 Qg8 88. Qf6 Ke8 (88... Qd5 $18 89. Kg6 Ke8 90. Qh8+ Kd7) 89. Qc6+ Ke7 90. f6+ Kf7 91. Qd5+ Kf8 92. Qxg8+ Kxg8 93. Kg6 Kh8 94. Kf7 {[%emt 2:14:30] Weighted Error Value: White=0.16 (very precise) /Black=0.35} (94. Kf5 $142 Kh7 95. Ke6 Kh6 96. f7 Kg7 97. Ke7 Kh6 98. f8=Q+ Kg5 99. Qf3) 1-0

[Event "Skagerrak Kragero 2022"]
[Site "Kragero"]
[Date "2022.06.04"]
[Round "5.1"]
[White "Machlik, Monika"]
[Black "Rakhmangulova, Anastasiya"]
[Result "0-1"]
[ECO "A42"]
[WhiteElo "2134"]
[BlackElo "2245"]
[Annotator "TA"]
[PlyCount "134"]
[EventDate "2022.06.02"]
[EventType "tourn"]
[EventCountry "NOR"]
[SourceTitle "playchess.com"]
[Source "ChessBase"]
[SourceQuality "1"]
[TimeControl "5400+30"]

1. d4 g6 2. c4 Bg7 3. Nc3 d6 4. e4 e5 5. Nge2 Nc6 6. Be3 exd4 7. Nxd4 Nge7 8. Be2 O-O 9. O-O f5 10. exf5 Bxd4 11. Bxd4 Nxf5 12. Be3 Nxe3 13. fxe3 Rxf1+ 14. Qxf1 Be6 15. Qf4 Qe7 16. Rf1 {A42: Modern Defence: Averbakh Variation.} a6 17. h3 Rf8 18. Qxf8+ {The position is equal.} (18. Qe4 {keeps more tension.} Rxf1+ 19. Bxf1 Kf8 20. b3) 18... Qxf8 19. Rxf8+ Kxf8 $11 {[%mdl 4096] Endgame KBN-KBN} 20. b3 {[#]} Ke7 $146 ({Predecessor:} 20... Ne5 21. Kf2 Ke7 22. Bf3 c6 23. Be4 b5 24. cxb5 axb5 25. b4 Bc4 26. a4 bxa4 27. Nxa4 {0-1 (102) Amarita,A (2049)-Patrascu,C (2295) Eforie Nord 2016}) 21. Bf3 Kf6 22. Kf2 Ke5 23. Ke2 g5 24. Kd2 h6 25. Nd1 Bf5 26. Nf2 Nd8 27. e4 Bg6 28. Ke3 h5 {Against Ng4+} 29. Nd3+ Kf6 30. c5 dxc5 31. Nxc5 a5 32. Nd7+ Ke7 33. Ne5 Be8 34. g3 b6 35. h4 Kf6 36. Nd3 g4 37. Be2 Nc6 38. Kf4 Nd4 39. Bd1 Bb5 40. Nf2 Ne6+ 41. Ke3 Ke5 42. Bc2 Nc5 43. Bb1 Bc6 44. Bc2 b5 45. Bb1 b4 46. Bc2 Bb5 47. Bb1 $2 ({White should try} 47. Bd1 $11) 47... a4 $17 {Black is more active.} 48. bxa4 Bxa4 (48... Nxa4 $17 {Threatens to win with ...c5.} 49. Bd3 Be8) 49. Bd3 $11 Bc6 50. Bc2 Be8 51. Bb3 {Inhibits Bf7.} c6 52. Bc4 Bg6 53. Bd3 $2 (53. Bb3 $11 {and White stays safe.}) 53... Bf7 $19 54. Bb1 Bc4 55. Nd1 {[#]} Nb7 $1 56. Nb2 Nd6 57. Bc2 c5 ({Resist} 57... Bxa2 58. Nd3+ Ke6 59. Nxb4 $18) 58. Bb1 $2 (58. Na4 {was the only defense.} Nb7 59. Nb2 Bxa2 60. Nd3+ Ke6 61. Ba4) 58... Bb5 59. Bc2 (59. Bd3 $142 Bc6 60. Nc4+ Nxc4+ 61. Bxc4 Bxe4 62. Bf7) 59... c4 60. Nd1 c3 {[#] And now ...Nc4+ would win.} 61. Nf2 Nc4+ 62. Ke2 Na3+ 63. Kd1 Nxc2 {Black mates.} 64. Kxc2 Kd4 65. Kc1 Bc4 66. Kb1 Ke3 67. Nxg4+ hxg4 {[%emt 1:58:43] Weighted Error Value: White=0.29 (precise) /Black=0.09 (flawless)} 0-1

[Event "Skagerrak Kragero 2022"]
[Site "Kragero"]
[Date "2022.06.04"]
[Round "5.2"]
[White "Tarleva, Diana"]
[Black "Grave, Jacob Templen"]
[Result "1/2-1/2"]
[ECO "B18"]
[WhiteElo "2160"]
[BlackElo "2227"]
[Annotator "TA"]
[PlyCount "24"]
[EventDate "2022.06.02"]
[EventType "tourn"]
[EventCountry "NOR"]
[SourceTitle "playchess.com"]
[Source "ChessBase"]
[SourceQuality "1"]
[TimeControl "5400+30"]

1. e4 c6 2. d4 d5 3. Nc3 dxe4 4. Nxe4 Bf5 5. Ng3 Bg6 6. N1e2 e6 7. Nf4 Qc7 8. Bd3 {B18: Classical Caro-Kann: 4...Bf5 sidelines.} Bxd3 {The position is equal.} 9. Nxd3 Nf6 {[#]} 10. Bf4 $146 ({Predecessor:} 10. O-O Nbd7 11. c3 Bd6 12. Bd2 O-O 13. Qf3 c5 14. dxc5 Nxc5 15. Nxc5 Bxc5 16. Bf4 {½-½ (24) Krjuchkova,E (2170)-Marjina,A (2025) Novokuznetsk 2016}) 10... Bd6 11. Bxd6 Qxd6 12. c3 Nbd7 {[%emt 0:24:25] An uneventful encounter.  Weighted Error Value: White=0.12 (very precise) /Black=0.03 (flawless)} 1/2-1/2